 Dungeon Crawl Stone Soup version 0.29.1-2-gbd0b4ee654 (webtiles) character file.

Game seed: 474369246365985945

179 RUZZLEFAZAZZLE the Shield-Bearer (level 5, -1/43 (47) HPs)
             Began as a Gnoll Fighter on Nov 26, 2022.
             Slain by a wight
             ... wielding a +2 war axe
              (5 damage)
             ... on level 3 of the Dungeon.
             The game lasted 00:04:09 (2399 turns).

RUZZLEFAZAZZLE the Shield-Bearer (Gnoll Fighter)    Turns: 2399, Time: 00:04:10

HP:   -1/43 (47)    AC: 10    Str: 17    XL:     5   Next: 59%
MP:   7/7           EV:  7    Int:  8    God:
Gold: 222           SH:  5    Dex: 11    Spells: 7/7 levels left

rFire   . . .      SeeInvis .   m - +0 hand axe
rCold   . . .      Faith    .   c - +0 buckler
rNeg    . . .      Spirit   .   f - +0 chain mail
rPois   .          Reflect  .   (no helmet)
rElec   .          Harm     .   (no cloak)
rCorr   .          Rampage  .   (no gloves)
Will    .....                   (no boots)
Stlth   ..........              (no amulet)
HPRegen 0.14/turn               (no ring)
MPRegen 0.10/turn               (no ring)

@: drained
A: fangs 1, strong nose, distributed training
a: no special abilities


You were on level 3 of the Dungeon.
You visited 1 branch of the dungeon, and saw 4 of its levels.

You collected 222 gold pieces.

Inventory:

Hand Weapons
 a - a +0 war axe
 m - a +0 hand axe (weapon)
Missiles
 p - 6 javelins (quivered)
Armour
 c - a +0 buckler (worn)
 f - a +0 chain mail (worn)
Scrolls
 i - a scroll of noise {unknown}
 j - 2 scrolls of magic mapping {unknown}
 o - a scroll of vulnerability {unknown}
 q - a scroll of amnesia {unknown}
 s - a scroll of immolation {unknown}
 t - a scroll of identify {unknown}
Potions
 b - a potion of curing
 d - a potion of might
 e - a potion of berserk rage {unknown}
 g - 2 potions of lignification {unknown}
 h - a potion of haste {unknown}
 k - a potion of attraction {unknown}
 l - a potion of flight {unknown}
 n - a potion of heal wounds {unknown}
 r - a potion of cancellation {unknown}


   Skills:
 + Level 6.7 Fighting
 + Level 1.6 Short Blades
 + Level 1.6 Long Blades
 + Level 4.8 Axes
 + Level 1.6 Maces & Flails
 + Level 1.6 Polearms
 + Level 1.6 Staves
 + Level 1.6 Ranged Weapons
 + Level 1.6 Throwing
 + Level 6.7 Armour
 + Level 1.6 Dodging
 + Level 1.6 Stealth
 + Level 6.7 Shields
 + Level 1.6 Unarmed Combat
 + Level 1.6 Spellcasting
 + Level 1.3 Conjurations
 + Level 1.3 Hexes
 + Level 1.3 Summonings
 + Level 1.3 Necromancy
 + Level 1.3 Translocations
 + Level 1.3 Transmutations
 + Level 1.3 Fire Magic
 + Level 1.3 Ice Magic
 + Level 1.3 Air Magic
 + Level 1.3 Earth Magic
 + Level 1.3 Poison Magic
 + Level 1.8 Invocations
 + Level 1.6 Evocations


You had 7 spell levels left.
You didn't know any spells.
Your spell library was empty.

Dungeon Overview and Level Annotations

Branches:
Dungeon (4/15)
 Temple: D:4-7

Altars:

Shops:
D:2 (


Innate Abilities, Weirdness & Mutations

You have very sharp teeth.
Your uncanny sense of smell can sniff out nearby items.
Your experience applies equally to all skills.


Message History

The adder is heavily wounded.
You hit the hobgoblin but do no damage. You completely miss the wight.
You feel sick. The adder bites you but does no damage.
You block the hobgoblin's attack. The wight barely misses you.
The adder bites you. The hobgoblin barely misses you.
The wight hits you with a +2 war axe!
You hit the adder.
The adder is severely wounded.
You completely miss the wight. You hit the hobgoblin.
You feel sick. You block the adder's attack. The hobgoblin closely misses you.
The wight hits you with a +2 war axe.
You feel drained.
You barely miss the adder.
The adder is severely wounded.
You hit the wight. You barely miss the hobgoblin.
You feel sick.
You are no longer poisoned.
The adder bites you but does no damage.
The hobgoblin hits you but does no damage.
The wight barely misses you.
You hit the adder but do no damage.
The adder is severely wounded.
You hit the hobgoblin but do no damage. You hit the wight.
You block the adder's attack.
The hobgoblin hits you but does no damage.
The wight barely misses you. You block the adder's attack.
You miss the adder.
The adder is severely wounded.
You hit the hobgoblin.
You kill the hobgoblin!
You hit the wight. You block the adder's attack.
The wight hits you with a +2 war axe.
You hit the adder. Your bite misses the adder.
The adder is almost dead.
You hit the wight but do no damage. The adder bites you but does no damage.
The wight barely misses you. The adder bites you but does no damage.
You hit the adder.
You kill the adder!
You hit the wight. The wight hits you with a +2 war axe!
* * * LOW HITPOINT WARNING * * *
You feel drained.
You die...

###...##.#####..### ##....#
##...##........#.# #..####
#..####..(.....#.# ######.†#
#.## #........#.#####.......#
#.# #........#.#.....####.## #
#.# ####.....#.#.##### #..# #
..# #####.#...# ###.## # ###
#..(..z.### ###...# #
#..)##.@.####...### ##
#...###.†.##..### ##. #...#
#.#.##.### #..
#####...###.#......# #..
##...........###..#.#######.#
##..###...##....#.##.....##...
####..##
#...##....#.###.........
.....##
######..[.#.##..........
.##### #..................


You could see a wight.

Vanquished Creatures
  Natasha (thrice) (D:2)
  5 adders
  2 dart slugs
  6 orcs
  2 bats (D:2)
  5 endoplasms
  A giant cockroach (D:2)
  7 hobgoblins
  6 kobolds
  4 quokkas (D:3)
  6 ball pythons
  2 frilled lizards
  5 goblins
  6 rats
60 creatures vanquished.

Notes
Turn   | Place    | Note
-------+----------+-------------------------------------------
     0 | D:1      | RUZZLEFAZAZZLE the Gnoll Fighter began the quest for the
                  | Orb.
     0 | D:1      | Reached XP level 1. HP: 23/23 MP: 1/1
   188 | D:1      | Found a faded altar of an unknown god.
   266 | D:1      | Reached XP level 2. HP: 25/29 MP: 2/2
   762 | D:2      | Noticed Natasha
   770 | D:2      | Killed Natasha
   771 | D:2      | Reached skill level 1 in Short Blades
   771 | D:2      | Reached skill level 1 in Long Blades
   771 | D:2      | Reached skill level 1 in Maces & Flails
   771 | D:2      | Reached skill level 1 in Polearms
   771 | D:2      | Reached skill level 1 in Staves
   771 | D:2      | Reached skill level 1 in Ranged Weapons
   771 | D:2      | Reached skill level 1 in Throwing
   771 | D:2      | Reached skill level 1 in Dodging
   771 | D:2      | Reached skill level 1 in Stealth
   771 | D:2      | Reached skill level 1 in Unarmed Combat
   771 | D:2      | Reached skill level 1 in Spellcasting
   771 | D:2      | Reached skill level 1 in Invocations
   771 | D:2      | Reached skill level 1 in Evocations
   771 | D:2      | Reached XP level 3. HP: 27/35 MP: 2/4
   894 | D:2      | Found Hujamax's Antique Weapon Shop.
  1002 | D:2      | Noticed Natasha
  1007 | D:2      | Reached XP level 4. HP: 33/41 MP: 5/5
  1016 | D:2      | Killed Natasha
  1017 | D:2      | Reached skill level 1 in Conjurations
  1017 | D:2      | Reached skill level 1 in Hexes
  1017 | D:2      | Reached skill level 1 in Summonings
  1017 | D:2      | Reached skill level 1 in Necromancy
  1017 | D:2      | Reached skill level 1 in Translocations
  1017 | D:2      | Reached skill level 1 in Transmutations
  1017 | D:2      | Reached skill level 1 in Fire Magic
  1017 | D:2      | Reached skill level 1 in Ice Magic
  1017 | D:2      | Reached skill level 1 in Air Magic
  1017 | D:2      | Reached skill level 1 in Earth Magic
  1017 | D:2      | Reached skill level 1 in Poison Magic
  1205 | D:2      | Noticed Natasha
  1217 | D:2      | Killed Natasha
  1587 | D:2      | Reached XP level 5. HP: 47/47 MP: 7/7
  2399 | D:3      | Slain by a wight

Illustrated notes

Levels and vault maps discovered:
D:1:      matt_arrival_diagonals, layout_loops_ring,
          chequers_ecumenical_altar_island
D:2:      layout_loops_ring, serial_shops, nicolae_shop_hallway_stairs,
          uniq_natasha
D:3:      layout_rooms, corexii_shack
D:4:      layout_basic, minmay_temple_entry_glassed_door, nicolae_titane,
          uniq_menkaure

Skill      XL: |  1  2  3  4 |
---------------+-------------+-----
Short Blades   | 1 |  1.6
Long Blades    | 1 |  1.6
Maces & Flails | 1 |  1.6
Polearms       | 1 |  1.6
Staves         | 1 |  1.6
Ranged Weapons | 1 |  1.6
Throwing       | 1 |  1.6
Dodging        | 1 |  1.6
Stealth        | 1 |  1.6
Unarmed Combat | 1 |  1.6
Spellcasting   | 1 |  1.6
Invocations    | 1 |  1.8
Evocations     | 1 |  1.6
Conjurations   | 1 |  1.3
Hexes          | 1 |  1.3
Summonings     | 1 |  1.3
Necromancy     | 1 |  1.3
Translocations | 1 |  1.3
Transmutations | 1 |  1.3
Fire Magic     | 1 |  1.3
Ice Magic      | 1 |  1.3
Air Magic      | 1 |  1.3
Earth Magic    | 1 |  1.3
Poison Magic   | 1 |  1.3
Fighting       | |  6.7
Axes           | |  4.8
Armour         | |  6.7
Shields        | |  6.7

Action                   |  1- 3 |  4- 6 || total
-------------------------+-------+-------++-------
Melee: War axe           |    61 |    30 ||    91
       Bite              |     8 |    10 ||    18
       Hand axe          |       |    87 ||    87
  Use: Potion            |       |     1 ||     1
Armor: Scale mail        |     5 |       ||     5
       Chain mail        |    33 |    56 ||    89
Dodge: Dodged            |    26 |    48 ||    74
Block: Buckler           |    23 |    40 ||    63
